 Dungeon Crawl Stone Soup version 0.23-a0-519-ga799fc4 (webtiles) character file.

239612 nikopol the Sorcerer (level 19, -16/95 HPs)
             Began as a Deep Elf Fire Elementalist on Dec 3, 2018.
             Was the Champion of Vehumet.
             Shot with an arrow by a naga sharpshooter (24 damage)
             ... on level 4 of the Snake Pit on Dec 6, 2018.
             The game lasted 02:45:36 (42402 turns).

nikopol the Sorcerer (Deep Elf Fire Elementalist)  Turns: 42402, Time: 02:45:37

Health: -16/95     AC: 19    Str: 10    XL:     19   Next: 2%
Magic:  22/48      EV: 12    Int: 41    God:    Vehumet [******]
Gold:   1897       SH: 20    Dex: 11    Spells: 37/64 levels left

rFire    + + .     SeeInvis .   J - staff of fire
rCold    + + .     Gourm    .   w - +5 shield {AC+3}
rNeg     + . .     Faith    .   I - +6 leather armour of the Sun {*Contam rPois rC+}
rPois    +         Spirit   .   R - +2 hat
rElec    .         Reflect  +   Z - +2 cloak {rC+}
rCorr    .         Harm     .   (no gloves)
MR       +....                  y - +0 pair of boots
Stlth    ++++......             K - amulet of Neefroaff {Reflect +Fly rN+ Slay+5 SH+6 Stlth+}
HPRegen  0.25/turn              Q - ring "Liph" {Fire Str+5 Int+4}
MPRegen  0.31/turn              x - ring of Karisak {rC+ Int+8 Dex-4}

@: very slightly contaminated
A: no striking features
}: 1/15 runes: barnacled
a: Renounce Religion, Evoke Flight


You were on level 4 of the Snake Pit.
You worshipped Vehumet.
Vehumet was exalted by your worship.
You were hungry.

You visited 6 branches of the dungeon, and saw 32 of its levels.
You also visited: Bailey and Ice Cave.

You collected 3460 gold pieces.
You spent 1563 gold pieces at shops.

Inventory:

Armour
 w - a +5 shield of protection (worn)
 y - a +0 pair of boots (worn)
 I - the +6 leather armour of the Sun (worn) {*Contam rPois rC+}
   (You took it off an orc priest on level 7 of the Dungeon)

   It protects you from cold.
   It protects you from poison.
   It causes magical contamination when unequipped.
 R - a +2 hat (worn)
 Z - a +2 cloak of cold resistance (worn)
Magical Staves
 J - an uncursed staff of fire (weapon)
Jewellery
 k - an uncursed ring of protection from magic
 p - an uncursed ring of positive energy
 x - the ring of Karisak (right hand) {rC+ Int+8 Dex-4}
   (You found it on level 6 of the Dungeon)

   [ring of protection from cold]

   It affects your intelligence (+8).
   It affects your dexterity (-4).
   It protects you from cold.
 K - the amulet of Neefroaff (around neck) {Reflect +Fly rN+ Slay+5 SH+6 Stlth+}
   (You bought it in a shop on level 15 of the Dungeon)

   [amulet of reflection]

   It shields you and reflects attacks.
   It affects your accuracy and damage with ranged weapons and melee attacks
   (+5).
   It protects you from negative energy.
   It lets you fly.
   It affects your SH (+6).
   It makes you more stealthy.
 Q - the ring "Liph" (left hand) {Fire Str+5 Int+4}
   (You found it on level 5 of the Lair of Beasts)

   [ring of fire]

   It enhances your fire magic.
   It affects your strength (+5).
   It affects your intelligence (+4).
   It protects you from fire.
   It makes you vulnerable to cold.
Wands
 j - a wand of digging (8)
 o - a wand of acid (7)
 v - a wand of scattershot (5)
 F - a wand of polymorph (10)
 L - a wand of iceblast (35)
 U - a wand of enslavement (21)
 Y - a wand of disintegration (6)
Scrolls
 a - a scroll of fog
 d - 4 scrolls of identify
 h - 18 scrolls of remove curse
 l - 4 scrolls of magic mapping
 n - 8 scrolls of teleportation
 q - 4 scrolls of silence {unknown}
 u - 2 scrolls of fear
 B - 3 scrolls of random uselessness {unknown}
 C - 3 scrolls of enchant armour
 E - 8 scrolls of amnesia
 G - 4 scrolls of enchant weapon
 O - 4 scrolls of blinking
Potions
 b - 2 potions of invisibility
 e - 2 potions of berserk rage
 f - 7 potions of curing
 g - 8 potions of agility
 i - 2 potions of mutation
 m - 4 potions of magic
 s - 2 potions of might
 t - 8 potions of heal wounds
 z - 6 potions of flight
 D - 6 potions of haste
 H - 2 potions of resistance
 P - 7 potions of lignification
 V - a potion of cancellation
 X - 4 potions of brilliance
Comestibles
 c - 58 rations


   Skills:
 + Level 2.9 Fighting
 + Level 5.6 Armour
 + Level 5.9 Dodging
 + Level 5.7 Stealth
 * Level 6.1 Shields
 + Level 23.2 Spellcasting
 + Level 18.9 Conjurations
 + Level 18.1 Fire Magic
 + Level 3.2 Ice Magic
 + Level 3.1 Earth Magic
 + Level 1.4 Evocations


You had 37 spell levels left.
You knew the following spells:

 Your Spells              Type           Power        Failure   Level  Hunger
a - Flame Tongue          Conj/Fire      #####        0%          1    None
b - Throw Flame           Conj/Fire      ######       0%          2    None
c - Conjure Flame         Conj/Fire      ########     0%          3    None
d - Sticky Flame          Conj/Fire      ########     0%          4    None
e - Fireball              Conj/Fire      #########.   0%          5    None
f - Throw Icicle          Conj/Ice       #######.     1%          4    None
g - Blink                 Tloc           N/A          2%          2    None
h - Iron Shot             Conj/Erth      #######...   1%          6    None

Your spell library contained the following spells:

 Spells                   Type           Power        Failure   Level  Hunger
 Fire Storm               Conj/Fire      #########.   22%         9    ##.....
 Glaciate                 Conj/Ice       #######...   98%         9    ##.....
 Tornado                  Air            #####.....   100%        9    ##.....
 Magic Dart               Conj           ####         0%          1    None
 Animate Skeleton         Necr           N/A          1%          1    None
 Apportation              Tloc           #####.       1%          1    None
 Confusing Touch          Hex            #####.       1%          1    None
 Pain                     Necr           ####         1%          1    None
 Sandblast                Erth           ######       1%          1    None
 Summon Butterflies       Summ           #####...     1%          1    None
 Summon Small Mammal      Summ           ####         1%          1    None
 Ensorcelled Hibernation  Hex/Ice        ######       1%          2    None
 Passwall                 Tmut/Erth      ######..     1%          2    None
 Ignite Poison            Fire/Tmut/Pois ########     1%          3    None
 Inner Flame              Hex/Fire       ########     1%          3    None
 Mephitic Cloud           Conj/Pois/Air  #######.     1%          3    None
 Stone Arrow              Conj/Erth      ######       1%          3    None
 Bolt of Magma            Conj/Fire/Erth #########.   1%          5    None
 Irradiate                Conj/Tmut      #######...   1%          5    None
 Iskenderun's Battlesphe  Conj/Chrm      #######.     1%          5    None
 Venom Bolt               Conj/Pois      #######...   1%          5    None
 Orb of Destruction       Conj           ########..   1%          7    None
 Call Imp                 Summ           #####...     2%          2    None
 Slow                     Hex            #####...     2%          2    None
 Sublimation of Blood     Necr           #####.....   2%          2    None
 Lee's Rapid Deconstruct  Erth           ######....   3%          5    None
 Call Canine Familiar     Summ           #####...     5%          3    None
 Regeneration             Chrm/Necr      #####.....   5%          3    None
 Summon Guardian Golem    Hex/Summ       #####...     5%          3    None
 Vampiric Draining        Necr           #####.....   5%          3    None
 Leda's Liquefaction      Hex/Erth       ######....   9%          4    None
 Petrify                  Tmut/Erth      ######..     9%          4    None
 Summon Ice Beast         Ice/Summ       ######..     9%          4    None
 Spellforged Servitor     Conj/Summ      #######...   9%          7    None
 Animate Dead             Necr           N/A          17%         4    None
 Summon Lightning Spire   Summ/Air       #####...     17%         4    None
 Borgnjor's Vile Clutch   Necr/Erth      ######....   26%         5    None
 Alistair's Intoxication  Tmut/Pois      #####...     43%         5    None
 Silence                  Hex/Air        #####.....   43%         5    None
 Summon Forest            Summ/Tloc      #####.....   43%         5    None
 Darkness                 Hex            #####.....   95%         6    None
 Shadow Creatures         Summ           N/A          95%         6    None


Dungeon Overview and Level Annotations

Branches:
Dungeon (15/15)            Temple (1/1) D:4            Lair (6/6) D:9
 Shoals (4/4) Lair:3        Snake (4/4) Lair:3        Slime (0/5) Lair:6
    Orc (2/2) D:12            Elf (0/3) Orc:2        Vaults (0/5) D:14
 Depths (0/5) D:15

Altars:
Ashenzari
Cheibriados
Dithmenos
Elyvilon
Fedhas
Gozag
Hepliaklqana
Kikubaaqudgha
Makhleb
Nemelex Xobeh
Okawaru
Qazlal
Ru
Sif Muna
Trog
Uskayaw
Vehumet
Wu Jian
Xom
Yredelemnul
Zin
The Shining One
Beogh

Shops:
D:15 [=}(=   Orc:1 [   Orc:2 }:(?   Shoals:3 *   Snake:1 }

Annotations:
Lair:1 2 transporters, theanonym's ghost, journeyman MiGl
Lair:4 Josephine
Snake:3 3 runed doors, Sefexkig's ghost, adept MfIE; nht's ghost, adept MiHu


Message History

The fireball engulfs the naga sharpshooter.
The naga sharpshooter is severely wounded.
The fireball engulfs the naga mage.
You kill the naga mage!
Vehumet accepts your kill.
The black mamba burns!
You block the black mamba's attack. The black mamba barely misses you.
The black mamba burns!
The black mamba stops burning.
You block the black mamba's attack.
The naga sharpshooter shoots an arrow.
The arrow hits you!!
* * * LOW HITPOINT WARNING * * *
The black mamba bites you but does no damage.
You see here 3 arrows.
Blink to where?
Press: ? - help, Dir - move target cursor You are very lightly contaminated with residual magic.
As you read the scroll of blinking, it crumbles to dust.
The naga warrior shouts!
You hear an angry hiss.
The naga sharpshooter shoots an arrow.
The arrow hits you!!
You die...

#..... ...#. ..N.
.?. .. ###N###
#..#.).S.#
#....))@.##
##...)....##
#........#.#
#.#..)..)..###
#....)..)....###
(..##N.....(...####
..# #....(..S......
## #.!....ยง...##
#.......(..#


You could see a naga warrior, a naga sharpshooter, a salamander, a guardian
serpent and a black mamba.

Vanquished Creatures
  Vashnia (Snake:3)
  A lich (D:14)
  An Ice Fiend (IceCv)
  Rupert (Lair:4)
  Asterion (Snake:3)
  Frances (D:14)
  The ghost of Inuluch the Phalangite, an adept MfBe of Trog (Shoals:2)
  2 krakens
  Kirke (D:13)
  2 nagarajas (Snake:2)
  A fire giant (D:15)
  A frost giant (D:14)
  An orc warlord (Bailey)
  Nessos (D:13)
  Azrael (D:14)
  6 merfolk javelineers
  An ettin (D:14)
  6 merfolk impalers
  A fire dragon (D:15)
  A yaktaur captain (D:14)
  The ghost of inmateoo the Arsonist, a journeyman DEFE of Vehumet (D:14)
  10 hydras
  10 anacondas
  8 naga warriors
  4 merfolk avatars
  A centaur warrior (D:13)
  3 two-headed ogres
  9 naga sharpshooters
  A satyr (Shoals:3)
  Urug (Lair:4)
  2 death yaks (Lair:5)
  6 orc high priests
  8 shock serpents
  Sonja (Lair:6)
  An iron troll (D:9)
  5 skeletal warriors (D:15)
  A salamander mystic (Snake:4)
  9 sea snakes
  2 deep trolls (D:9)
  5 unseen horrors
  5 naga ritualists
  Pikel (D:7)
  A lindwurm (shapeshifter) (D:15)
  3 mana vipers
  17 harpies
  6 orc knights (Orc:2)
  7 fauns
  A necromancer (D:14)
  8 ugly things
  14 manticores
  7 cyclopes
  6 salamanders
  2 oklob plants (Shoals:3)
  9 merfolk sirens
  5 guardian serpents
  13 naga magi
  4 elephants (Lair:5)
  An ice statue (IceCv)
  9 water nymphs
  37 black mambas
  3 centaur skeletons
  A torpor snail (Lair:6)
  An elephant (shapeshifter) (D:14)
  9 spiny frogs
  A gargoyle (D:13)
  2 rime drakes
  A freezing wraith (IceCv)
  2 yaktaurs (D:14)
  10 komodo dragons
  5 anaconda simulacra (IceCv)
  A kobold demonologist (D:14)
  2 golden dragon simulacra (IceCv)
  4 ice devils (IceCv)
  12 trolls
  5 wind drakes
  4 harpy zombies (Shoals:1)
  29 merfolk
  A queen bee (Lair:1)
  7 hornets
  4 polar bears (Lair:6)
  A blink frog (Lair:6)
  6 slime creatures (D:12)
  12 snapping turtles
  16 hippogriffs
  20 dream sheep
  A centaur simulacrum (D:15)
  6 wraiths
  A shadow (D:13)
  14 spriggans (Lair:6)
  A dire elephant simulacrum (IceCv)
  5 wyverns
  4 vampires
  A human (D:7)
  7 water elementals
  48 yaks
  A golden eye (shapeshifter) (D:13)
  3 basilisks
  2 fire elementals (D:14)
  6 hogs
  7 vampire mosquitoes
  3 hungry ghosts
  3 death yak simulacra (IceCv)
  2 steam dragons
  33 nagas
  An iron troll simulacrum (IceCv)
  6 wargs
  2 harpy simulacra (IceCv)
  3 acid dragons
  9 water moccasins
  A soldier ant (D:14)
  4 hydra simulacra (IceCv)
  2 hell hounds (D:14)
  5 porcupines
  43 orc warriors
  An eye of draining (D:13)
  3 ice beasts
  3 necrophages
  4 black bears
  3 sky beasts
  2 phantoms (D:5)
  5 boggarts (Lair:6)
  An eye of draining (shapeshifter) (D:15)
  14 crocodiles
  15 ogres
  25 wolves
  11 centaurs
  2 big kobolds
  4 hippogriff zombies (Shoals:1)
  14 bullfrogs
  A gnoll sergeant (D:11)
  A water moccasin zombie (D:12)
  2 wyvern zombies
  2 wyvern skeletons
  3 scorpions
  36 killer bees
  8 wights
  An elephant simulacrum (IceCv)
  4 howler monkeys
  9 electric eels
  7 crimson imps
  3 lava snakes
  38 orc priests
  4 draconian simulacra (IceCv)
  14 jellies
  2 quasits
  4 bullfrog zombies
  7 centaur zombies
  2 bullfrog skeletons
  10 hounds
  8 orc wizards
  Ijyb (D:5)
  16 worker ants
  A polar bear simulacrum (IceCv)
  3 troll simulacra (IceCv)
  2 wolf simulacra (IceCv)
  A hound zombie (D:4)
  A worker ant zombie (D:6)
  Robin (D:4)
  A howler monkey skeleton (D:7)
  12 gnolls
  11 adders
  3 naga simulacra (IceCv)
  4 ogre simulacra (IceCv)
  3 shadow imps
  5 white imps (IceCv)
  5 ufetubi (IceCv)
  An adder skeleton (D:4)
  A worm (D:3)
  A dart slug (D:1)
  11 leopard geckos
  113 orcs
  8 bats
  5 giant cockroaches
  10 hobgoblins
  9 jackals
  5 quokkas
  2 ball pythons (D:2)
  8 frilled lizards
  2 gnoll zombies (D:5)
  23 goblins
  A jackal skeleton (D:4)
  A jackal zombie (D:5)
  30 kobolds
  A quokka zombie (D:5)
  7 rats
  A bush (Lair:6)
  A fungus (Lair:6)
  16 plants
  3 tentacles
1262 creatures vanquished.

Vanquished Creatures (others)
  A merfolk javelineer (Shoals:4)
  A naga warrior (Snake:2)
  2 naga sharpshooters (Snake:3)
  A slave (D:7)
  An adder (D:7)
  4 white imps (IceCv)
  2 ufetubi (IceCv)
  A goblin (D:7)
  A quokka (D:7)
  37 fungi
  19 plants
  5 tentacles
  6 withered plants (Snake:3)
81 creatures vanquished.

Grand Total: 1343 creatures vanquished

Notes
Turn   | Place    | Note
-------+----------+-------------------------------------------
     0 | D:1      | nikopol the Deep Elf Fire Elementalist began the quest for
                  | the Orb.
     0 | D:1      | Reached XP level 1. HP: 10/10 MP: 6/6
   101 | D:1      | Reached XP level 2. HP: 10/15 MP: 4/8
   453 | D:1      | Reached XP level 3. HP: 15/19 MP: 2/10
   999 | D:2      | Found a stormy altar of Qazlal.
  1008 | D:2      | Found a blossoming altar of Fedhas.
  1095 | D:2      | Found a shimmering altar of Xom.
  1293 | D:2      | Reached skill level 4 in Spellcasting
  1293 | D:2      | Reached XP level 4. HP: 12/24 MP: 2/12
  1306 | D:2      | HP: 1/24 [poisoned by a worker ant]
  1469 | D:2      | Learned a level 2 spell: Throw Flame
  1473 | D:2      | Learned a level 3 spell: Conjure Flame
  1478 | D:2      | Learned a level 4 spell: Sticky Flame
  2330 | D:3      | Reached XP level 5. HP: 23/28 MP: 7/14
  2427 | D:3      | Reached skill level 5 in Spellcasting
  2457 | D:3      | Noticed a sky beast
  2474 | D:3      | Killed a sky beast
  2657 | D:3      | Found an iron altar of Okawaru.
  2712 | D:3      | Noticed an ogre
  2719 | D:3      | Killed an ogre
  2719 | D:3      | Reached skill level 6 in Spellcasting
  2719 | D:3      | Reached XP level 6. HP: 9/32 MP: 10/17
  2948 | D:3      | Learned a level 5 spell: Fireball
  3277 | D:4      | Noticed Robin
  3291 | D:4      | Killed Robin
  3505 | D:4      | Found a staircase to the Ecumenical Temple.
  3611 | Temple   | Entered the Ecumenical Temple
  3621 | Temple   | Became a worshipper of Vehumet
  3747 | D:4      | Found a shadowy altar of Dithmenos.
  3756 | D:4      | Reached skill level 5 in Fire Magic
  3756 | D:4      | Reached XP level 7. HP: 36/36 MP: 15/19
  3774 | D:4      | Reached skill level 7 in Spellcasting
  4315 | D:4      | Reached * piety under Vehumet
  4315 | D:4      | Offered knowledge of Sandblast by Vehumet.
  4527 | D:5      | Entered Level 5 of the Dungeon
  4810 | D:5      | Found a bloodstained altar of Trog.
  4983 | D:5      | Noticed Ijyb
  4992 | D:5      | Killed Ijyb
  5014 | D:5      | Reached skill level 8 in Spellcasting
  5014 | D:5      | Reached skill level 5 in Conjurations
  5014 | D:5      | Reached XP level 8. HP: 40/42 MP: 7/22
  5169 | D:5      | Found a basalt altar of Yredelemnul.
  5546 | D:6      | Upgraded the game from 0.23-a0-494-g91793a9 to
                  | 0.23-a0-512-g50a8178
  5578 | D:6      | Found a hazy altar of Hepliaklqana.
  5715 | D:6      | Got a bound tin ring
  6299 | D:7      | Reached skill level 1 in Fighting
  6421 | D:7      | Reached skill level 9 in Spellcasting
  6549 | D:7      | Offered knowledge of Shock by Vehumet.
  6605 | D:7      | Noticed Pikel
  6617 | D:7      | Killed Pikel
  6617 | D:7      | Reached skill level 10 in Spellcasting
  6617 | D:7      | Reached XP level 9. HP: 47/47 MP: 11/25
  6655 | D:7      | Reached ** piety under Vehumet
  6848 | D:7      | Found a white marble altar of Elyvilon.
  6915 | D:7      | Identified the +6 leather armour of the Sun {*Contam rPois
                  | rC+}
  7013 | D:7      | Identified the ring of Karisak {rC+ Int+8 Dex-4} (You found
                  | it on level 6 of the Dungeon)
  7141 | D:7      | Reached skill level 1 in Armour
  7574 | D:8      | Reached skill level 11 in Spellcasting
  7611 | D:8      | Reached XP level 10. HP: 16/52 MP: 3/27
  8255 | D:8      | Offered knowledge of Throw Frost by Vehumet.
  8405 | D:8      | Learned a level 2 spell: Throw Frost
  8446 | D:8      | Reached *** piety under Vehumet
  8599 | D:8      | Found a bloodstained altar of Trog.
  9061 | D:9      | Reached skill level 12 in Spellcasting
  9215 | D:9      | Offered knowledge of Throw Icicle by Vehumet.
  9222 | D:9      | Learned a level 4 spell: Throw Icicle
  9237 | D:9      | Found a staircase to the Lair.
  9535 | D:9      | Reached skill level 13 in Spellcasting
  9535 | D:9      | Reached XP level 11. HP: 56/56 MP: 17/30
  9568 | D:9      | Reached **** piety under Vehumet
  9692 | D:9      | Noticed an iron troll
 10150 | D:9      | Reached skill level 10 in Fire Magic
 10150 | D:9      | Noticed a deep troll
 10153 | D:9      | Killed a deep troll
 10358 | D:9      | Reached skill level 10 in Conjurations
 10387 | D:9      | Noticed a deep troll
 10397 | D:9      | Killed a deep troll
 10612 | Lair:1   | Entered Level 1 of the Lair of Beasts
 10670 | Lair:1   | Offered knowledge of Venom Bolt by Vehumet.
 10779 | Lair:1   | Found a transporter.
 10785 | Lair:1   | Noticed theanonym's ghost (journeyman MiGl)
 10996 | Lair:1   | Found a transporter.
 11027 | Lair:1   | Reached skill level 14 in Spellcasting
 12259 | Lair:1   | Got an ancient shortbow
 12260 | Lair:1   | Identified the +6 shortbow of the Vaults {flame, +Inv rF-
                  | Int+8 Dex+3} (You found it on level 1 of the Lair of
                  | Beasts)
 12277 | Lair:2   | Noticed a five-headed hydra
 12305 | Lair:1   | Killed a five-headed hydra
 12531 | Lair:2   | Reached XP level 12. HP: 62/62 MP: 15/32
 12858 | Lair:3   | Found a staircase to the Snake Pit.
 13161 | Lair:3   | Reached skill level 15 in Spellcasting
 13714 | Lair:3   | Found a staircase to the Shoals.
 14121 | Lair:4   | Noticed Urug
 14126 | Lair:4   | Killed Urug
 14318 | Lair:4   | Noticed an eight-headed hydra
 14324 | Lair:4   | Killed an eight-headed hydra
 14435 | Lair:4   | Noticed Josephine
 14524 | Lair:4   | Reached ***** piety under Vehumet
 14600 | Lair:4   | You fall through a shaft for 2 floors!
 14600 | Lair:6   | Entered Level 6 of the Lair of Beasts
 14625 | Lair:6   | Reached skill level 16 in Spellcasting
 14626 | Lair:6   | Noticed a seven-headed hydra
 14634 | Lair:6   | Offered knowledge of Bolt of Draining by Vehumet.
 14640 | Lair:6   | Killed a seven-headed hydra
 14778 | Lair:6   | Noticed a seven-headed hydra
 15103 | Lair:4   | Noticed Rupert
 15113 | Lair:4   | Paralysed by Rupert for 5 turns
 15119 | Lair:4   | Killed Rupert
 15119 | Lair:4   | Reached skill level 5 in Stealth
 15119 | Lair:4   | Reached XP level 13. HP: 31/66 MP: 21/35
 15963 | Lair:5   | Got a steaming lapis lazuli ring
 15965 | Lair:5   | Identified the ring "Liph" {Fire Str+5 Int+4} (You found it
                  | on level 5 of the Lair of Beasts)
 16687 | Lair:6   | Noticed Sonja
 16688 | Lair:6   | Killed Sonja
 16724 | Lair:6   | Reached skill level 17 in Spellcasting
 17768 | Lair:6   | Found a staircase to the Slime Pits.
 18262 | Lair:6   | Reached XP level 14. HP: 72/72 MP: 12/37
 18671 | Lair:6   | Reached skill level 18 in Spellcasting
 19166 | D:10     | Entered Level 10 of the Dungeon
 19485 | D:10     | Reached ****** piety under Vehumet
 20017 | D:11     | Found a roughly hewn altar of Beogh.
 20018 | D:11     | Reached skill level 5 in Armour
 20223 | D:11     | Offered knowledge of Airstrike by Vehumet.
 20424 | D:11     | Upgraded the game from 0.23-a0-512-g50a8178 to
                  | 0.23-a0-516-g0f8c245
 21421 | D:12     | Found a roughly hewn altar of Beogh.
 21421 | D:12     | Found a staircase to the Orcish Mines.
 21966 | D:12     | Upgraded the game from 0.23-a0-516-g0f8c245 to
                  | 0.23-a0-519-ga799fc4
 22363 | Orc:1    | Entered Level 1 of the Orcish Mines
 22388 | Orc:1    | Found Sifunwud's Armour Shop.
 22426 | Orc:1    | Found a flagged portal.
 22435 | Bailey   | Entered a bailey
 22476 | Bailey   | Offered knowledge of Bolt of Cold by Vehumet.
 22535 | Bailey   | Noticed an orc warlord
 22672 | Bailey   | Found a runed gate.
 22673 | Bailey   | Found a runed gate.
 22674 | Bailey   | Found a runed gate.
 22807 | Bailey   | Killed an orc warlord
 23577 | Orc:2    | Entered Level 2 of the Orcish Mines
 24025 | Orc:2    | Found a staircase to the Elven Halls.
 24199 | Orc:2    | Reached skill level 15 in Conjurations
 24248 | Orc:2    | Reached skill level 19 in Spellcasting
 24376 | Orc:2    | Offered knowledge of Ozocubu's Refrigeration by Vehumet.
 24933 | Orc:2    | Found Ydwi's Magic Scroll Boutique.
 24933 | Orc:2    | Found Pexkuen's Weapon Boutique.
 24934 | Orc:2    | Found Qiyfus's Book Shop.
 24934 | Orc:2    | Found Zeqi's Gadget Boutique.
 24941 | Orc:2    | Bought a scroll of teleportation for 45 gold pieces
 24952 | Orc:2    | Reached skill level 5 in Dodging
 24952 | Orc:2    | Reached skill level 1 in Earth Magic
 24952 | Orc:2    | Reached XP level 15. HP: 77/77 MP: 40/40
 24961 | Orc:2    | Bought a book of Minor Magic for 260 gold pieces
 24964 | Orc:2    | Learned a level 2 spell: Blink
 25336 | D:13     | Noticed Nessos
 25339 | D:13     | Killed Nessos
 25468 | D:13     | Noticed Kirke
 25470 | D:13     | Reached XP level 16. HP: 82/82 MP: 31/41
 25471 | D:13     | Killed Kirke
 25471 | D:13     | Reached skill level 15 in Fire Magic
 25662 | D:13     | Found a roughly hewn altar of Beogh.
 26251 | D:13     | Offered knowledge of Freezing Cloud by Vehumet.
 26402 | D:14     | Noticed Frances
 26406 | D:14     | Killed Frances
 26594 | D:14     | Noticed inmateoo's ghost (journeyman DEFE)
 26595 | D:14     | Noticed a lich
 26638 | D:14     | Found a runed door.
 26680 | D:14     | Reached skill level 20 in Spellcasting
 26757 | D:14     | Found a white marble altar of Elyvilon.
 27071 | D:14     | Found a gate to the Vaults.
 27145 | D:14     | Found a runed door.
 27487 | D:14     | Noticed Azrael
 27804 | D:14     | Killed Azrael
 28277 | D:14     | Reached skill level 1 in Ice Magic
 28343 | D:14     | Killed a lich
 28436 | D:14     | Killed inmateoo's ghost
 28752 | D:15     | Entered Level 15 of the Dungeon
 28756 | D:15     | Identified a scroll of acquirement
 28786 | D:15     | Found Bolucepy's Jewellery Shop.
 28817 | D:15     | Found a staircase to the Depths.
 29138 | D:15     | Found Yllex's Weapon Boutique.
 29412 | D:15     | Offered knowledge of Bolt of Fire by Vehumet.
 29664 | D:15     | Found Ivit's Gadget Boutique.
 29808 | D:15     | Found Pityceet's Jewellery Emporium.
 29812 | D:15     | Bought the amulet of Neefroaff {Reflect +Fly rN+ Slay+5
                  | SH+6 Stlth+} for 1147 gold pieces
 29821 | D:15     | Found Etoefig's Armour Emporium.
 30270 | Shoals:1 | Entered Level 1 of the Shoals
 30509 | Shoals:1 | Noticed a kraken
 30513 | Shoals:1 | Killed a kraken
 30513 | Shoals:1 | Reached skill level 21 in Spellcasting
 30543 | Shoals:1 | Reached XP level 17. HP: 43/86 MP: 14/44
 30604 | Shoals:1 | Found a frozen archway.
 30613 | IceCv    | Entered an ice cave
 30924 | IceCv    | Identified Jischeih's Handbook of Companions and the
                  | Mountains
 31627 | IceCv    | Noticed an Ice Fiend
 31700 | IceCv    | Killed an Ice Fiend
 32761 | Shoals:2 | Found a runed door.
 32827 | Shoals:2 | Noticed Inuluch's ghost (adept MfBe)
 32845 | Shoals:2 | Killed Inuluch's ghost
 32845 | Shoals:2 | Reached skill level 1 in Evocations
 33349 | Shoals:2 | Offered knowledge of Iron Shot by Vehumet.
 33358 | Shoals:2 | Learned a level 6 spell: Iron Shot
 33436 | Shoals:3 | Reached skill level 1 in Shields
 34028 | Shoals:3 | Found Kelasm's Assorted Antiques.
 34086 | Shoals:3 | Bought a scroll of teleportation for 111 gold pieces
 34613 | Shoals:4 | Entered Level 4 of the Shoals
 35173 | Shoals:4 | Reached skill level 22 in Spellcasting
 35217 | Shoals:4 | Offered knowledge of Fire Storm by Vehumet.
 35217 | Shoals:4 | Offered knowledge of Glaciate by Vehumet.
 35217 | Shoals:4 | Offered knowledge of Tornado by Vehumet.
 35368 | Shoals:4 | Got a smoking double sword
 35369 | Shoals:4 | Identified the +3 double sword "Vadileurch" {slice, rF+ MR+
                  | Str+4} (You found it on level 4 of the Shoals)
 35760 | Shoals:4 | Noticed a kraken
 35973 | Shoals:4 | Killed a kraken
 35973 | Shoals:4 | Reached XP level 18. HP: 91/91 MP: 40/46
 35995 | Shoals:4 | Got a barnacled rune of Zot
 36371 | Snake:1  | Entered Level 1 of the Snake Pit
 36708 | Snake:1  | Found Akaru's Gadget Emporium.
 37269 | Snake:1  | Got a jewelled mace
 37270 | Snake:1  | Identified the cursed +0 mace of Experimentation {drain,
                  | Int+3} (You found it on level 1 of the Snake Pit)
 38538 | Snake:2  | Reached skill level 5 in Shields
 39786 | Snake:3  | Noticed Vashnia
 40631 | Snake:3  | Found a runed gate.
 40631 | Snake:3  | Found a runed gate.
 40631 | Snake:3  | Found a runed gate.
 40631 | Snake:3  | Noticed Sefexkig's ghost (adept MfIE)
 40686 | Snake:3  | Reached skill level 23 in Spellcasting
 41334 | Snake:3  | Killed Vashnia
 41774 | Snake:3  | Noticed nht's ghost (adept MiHu)
 41967 | Snake:3  | Noticed Asterion
 41970 | Snake:3  | Killed Asterion
 42367 | Snake:4  | Entered Level 4 of the Snake Pit
 42374 | Snake:4  | Reached XP level 19. HP: 95/95 MP: 20/48
 42402 | Snake:4  | Shot with an arrow by a naga sharpshooter

Vault maps used:
D:1:      nzn_arrival_crosshair, minmay_vboxes
D:2:      grunt_temple_overflow_forces_of_nature, lemuel_altar_in_water
D:3:      kennysheep_okawaru_gauntlet, first_ration
D:4:      grunt_dithmenos_smoke_and_mirrors, minmay_temple_entry_mini_moons,
          minmay_close_crescents, uniq_robin
D:5:      minmay_spotlight, lemuel_coloured_pillars_altar,
          lemuel_zombie_altar_yredelemnul, uniq_ijyb
D:6:      kennysheep_mini_moat, kennysheep_another_room
D:7:      grunt_livestock, elyvilon_altar_4, uniq_pikel
D:8:      basic_altar, nicolae_underground_beach
D:9:      lemuel_troll_bridge, erik_lair_orcish_takeover
D:10:     st_stairs_9, hangedman_decor_points, hangedman_corner_corridor
D:11:     david_defended_altar_orc
D:12:     david_orc_5, lightli_fourway_metalbox
D:13:     uniq_nessos, uniq_kirke
D:14:     david_vaults_2, muffindrake_ghost_dual_entry, kennysheep_cross_room,
          kennysheep_diamond, uniq_frances, uniq_azrael
D:15:     grunt_enter_depths_giant_problem, serial_shops,
          nicolae_shop_temple_entry_statues_fountains,
          nicolae_shop_window_shopping, nicolae_shop_trees, shop, shop, hex_tiny
Temple:   nicolae_temple_no_exploring_needed
Lair:1:   gammafunk_ghost_arena, minivault_23
Lair:3:   minmay_shoals_entry_hut, minmay_snake_entry_spellcaster
Lair:4:   serial_bayou_shore_b, grunt_megastairs_5, lemuel_fruit_tree,
          uniq_josephine, uniq_rupert, uniq_urug
Lair:5:   beast_lair_carwin_5
Lair:6:   minmay_lair_end_enchanted_forest, minmay_slime_entry_jelly_boxes,
          uniq_sonja
Shoals:1: portal_ice_cave_entry_pillars_1, nicolae_shoals_undead_eyrie
Shoals:2: ebering_ghost_reflecting_pool, nicolae_shoals_stone_sculpture_thing
Shoals:3: serial_shops, shop_statue, nicolae_shoals_this_corrosion
Shoals:4: shoals_end_simple
Snake:1:  serial_shops, shop_fountains, serial_bayou_pond_b, grunt_ministairs_15
Snake:2:  st_stairs_1, grunt_megastairs_3
Snake:3:  gammafunk_ghost_cemetery, st_stairs_11, nicolae_snake_biting_tails,
          hangedman_snake_corridor_split, uniq_vashnia, uniq_asterion
Snake:4:  snake_pit_salamanders_mu, uniq_saint_roka
Orc:1:    enter_bailey_7, serial_shops, shop
Orc:2:    st_orc_pillars
Bailey:   bailey_axe_bossmonster_kennysheep, bailey
IceCv:    ice_cave_caverns_02

Skill      XL: |  1  2  3  4  5  6  7  8  9 10 11 12 13 14 15 16 17 18 |
---------------+-------------------------------------------------------+-----
Dodging        | 3 4 5 |  5.9
Fire Magic     | 4 5 6 7 8 9 11 12 13 14 16 17 18 | 18.1
Spellcasting   | 4 6 8 10 11 13 14 16 17 19 21 22 23 | 23.2
Conjurations   | 2 3 4 5 6 8 9 11 12 13 15 16 18 | 18.9
Stealth        | 3 4 5 |  5.7
Fighting       | 1 2 |  2.9
Armour         | 2 4 5 |  5.6
Earth Magic    | 1 3 |  3.1
Ice Magic      | 3 |  3.2
Evocations     | 1 |  1.4
Shields        | 3 6 |  6.1

Action                   |  1- 3 |  4- 6 |  7- 9 | 10-12 | 13-15 | 16-18 | 19-21 || total
-------------------------+-------+-------+-------+-------+-------+-------+-------++-------
Melee: Unarmed           |     1 |       |       |       |       |       |       ||     1
       Short sword       |       |       |       |     2 |       |       |       ||     2
       Shortbow          |       |       |       |     1 |       |       |       ||     1
 Cast: Flame Tongue      |    77 |    96 |   191 |   313 |   435 |   151 |       ||  1263
       Throw Flame       |       |     2 |     5 |    25 |     4 |     4 |       ||    40
       Sticky Flame      |       |     6 |    28 |    71 |    76 |    34 |     1 ||   216
       Conjure Flame     |       |     2 |     6 |    10 |     6 |    11 |       ||    35
       Fireball          |       |       |     3 |    78 |   239 |   529 |     5 ||   854
       Throw Frost       |       |       |       |     2 |       |       |       ||     2
       Throw Icicle      |       |       |       |       |     6 |    34 |       ||    40
       Iron Shot         |       |       |       |       |       |    37 |     2 ||    39
Evoke: Wand              |       |       |     4 |     3 |     5 |     7 |       ||    19
  Use: Scroll            |       |     3 |    12 |     4 |     8 |    22 |     5 ||    54
       Potion            |       |     1 |       |     1 |     1 |     1 |     4 ||     8
  Eat: Chunk             |     1 |     8 |    13 |    20 |    27 |    31 |       ||   100
       Ration            |       |       |       |     1 |     1 |     6 |       ||     8
Armor: Robe              |    13 |     2 |     2 |       |       |       |       ||    17
       Leather armour    |       |       |     7 |    54 |    37 |    33 |     8 ||   139
Dodge: Dodged            |    37 |    11 |    34 |   101 |    96 |    54 |     8 ||   341
Block: Reflection        |       |       |       |       |       |    32 |     3 ||    35
       Other             |       |       |       |       |       |     6 |       ||     6
       Shield            |       |       |       |       |       |    66 |    18 ||    84

Table legend:
 A = Non-vault XP
 B = Vault XP
 C = Vault XP percentage of total XP
 D = Non-vault monster count
 E = Vault monster count
 F = Vault count percentage of total count
                 A         B        C        D         E       F
            +---------+---------+-------+---------+---------+-------
      Total |  201638 |  127864 |  38.8 |     778 |     467 |  37.5
            +---------+---------+-------+---------+---------+-------
        D:1 |      46 |      12 |  20.7 |      25 |       7 |  21.9
        D:2 |      75 |       0 |   0.0 |      21 |       0 |   0.0
        D:3 |     351 |       3 |   0.8 |      24 |       2 |   7.7
        D:4 |     566 |     145 |  20.4 |      27 |      17 |  38.6
        D:5 |     330 |     150 |  31.2 |      14 |       4 |  22.2
        D:6 |     426 |       0 |   0.0 |       7 |       0 |   0.0
        D:7 |     923 |    1649 |  64.1 |      19 |       6 |  24.0
        D:8 |    3191 |       0 |   0.0 |      42 |       0 |   0.0
        D:9 |    2798 |    5590 |  66.6 |      28 |      22 |  44.0
       D:10 |    1002 |     764 |  43.3 |      21 |       7 |  25.0
       D:11 |    2963 |     123 |   4.0 |      27 |       3 |  10.0
       D:12 |    7083 |    2137 |  23.2 |      35 |      26 |  42.6
       D:13 |    8219 |    5276 |  39.1 |      36 |      30 |  45.5
       D:14 |    5502 |   15714 |  74.1 |      30 |      22 |  42.3
       D:15 |   17731 |    1789 |   9.2 |      33 |       1 |   2.9
     Lair:1 |    2490 |    1863 |  42.8 |       9 |      26 |  74.3
     Lair:2 |    2814 |       0 |   0.0 |      10 |       0 |   0.0
     Lair:3 |    3198 |     719 |  18.4 |      19 |       2 |   9.5
     Lair:4 |    4304 |    5078 |  54.1 |      18 |       5 |  21.7
     Lair:5 |    6416 |    3678 |  36.4 |      31 |       7 |  18.4
     Lair:6 |   11876 |   11289 |  48.7 |      39 |      61 |  61.0
   Shoals:1 |   16464 |    1650 |   9.1 |      30 |       8 |  21.1
   Shoals:2 |    6604 |    2339 |  26.2 |      14 |       1 |   6.7
   Shoals:3 |   15970 |    1519 |   8.7 |      33 |       3 |   8.3
   Shoals:4 |   18454 |   17382 |  48.5 |      38 |      28 |  42.4
    Snake:1 |   20316 |    3280 |  13.9 |      37 |       6 |  14.0
    Snake:2 |   14508 |    3140 |  17.8 |      27 |       4 |  12.9
    Snake:3 |   18276 |   19794 |  52.0 |      34 |      23 |  40.4
    Snake:4 |    4819 |       0 |   0.0 |      11 |       0 |   0.0
      Orc:1 |    2791 |      32 |   1.1 |      22 |       4 |  15.4
      Orc:2 |    1132 |   10883 |  90.6 |      17 |      62 |  78.5
     Bailey |       0 |    1992 | 100.0 |       0 |      27 | 100.0
      IceCv |       0 |    9874 | 100.0 |       0 |      53 | 100.0
            +---------+---------+-------+---------+---------+-------
